 Dungeon Crawl Stone Soup version 0.27-a0-1525-g1038ab4fd7 (webtiles) character file.

Game seed: 10512064068805682987

248 quinnr the Zephyrmancer (level 6, -2/32 HPs)
             Began as a Tengu Air Elementalist on July 10, 2021.
             Slain by Pikel (4 damage)
             ... on level 4 of the Dungeon.
             The game lasted 00:06:43 (3291 turns).

quinnr the Zephyrmancer (Tengu Air Elementalist)    Turns: 3291, Time: 00:06:44

Health: -2/32      AC:  2    Str:  8    XL:     6   Next: 12%
Magic:  11/11      EV: 14    Int: 18    God:
Gold:   79         SH:  0    Dex: 14    Spells: 6/11 levels left

rFire    . . .     SeeInvis .   f - +2 short sword (venom)
rCold    . . .     Faith    .   (no shield)
rNeg     . . .     Spirit   .   a - +0 robe
rPois    .         Reflect  .   (helmet restricted)
rElec    .         Harm     .   (no cloak)
rCorr    .         Rampage  .   (no gloves)
Will     .....                  (boots unavailable)
Stlth    ++........             (no amulet)
HPRegen  0.10/turn              (no ring)
MPRegen  0.12/turn              (no ring)

@: mighty, flying quickly and evasively, quick
A: beak, talons 3, nimble flight
a: no special abilities


You were on level 4 of the Dungeon.
You visited 1 branch of the dungeon, and saw 4 of its levels.

You collected 79 gold pieces.

Inventory:

Hand Weapons
 f - a +2 short sword of venom (weapon)
Armour
 a - a +0 robe (worn)
Scrolls
 j - a scroll of fear {unknown}
 k - a scroll of noise {unknown}
 l - a scroll of blinking {unknown}
 m - a scroll of teleportation {unknown}
Potions
 b - a potion of haste {unknown}
 c - a potion of ambrosia {unknown}
 d - a potion of resistance {unknown}
 e - a potion of mutation {unknown}


   Skills:
 - Level 2.1 Dodging
 - Level 2.0 Stealth
 - Level 3.0 Spellcasting
 - Level 1.3 Conjurations
 + Level 8.1 Air Magic


You had 6 spell levels left.
You knew the following spells:

 Your Spells              Type           Power      Damage    Failure   Level
a - Shock                 Conj/Air       76%        1d7       2%          1
b - Airstrike             Air            16%        N/A       5%          4

Your spell library contained the following spells:

 Spells                   Type           Power      Damage    Failure   Level
 Swiftness                Air            32%        N/A       1%          3
 Static Discharge         Conj/Air       19%        N/A       3%          2


Dungeon Overview and Level Annotations

Branches:
Dungeon (4/15)
 Temple: D:4-7

Altars:
Qazlal

Annotations:
D:2 exclusion: gnoll
D:4 Pikel


Innate Abilities, Weirdness & Mutations

You have a beak for a mouth.
You have claws for feet.
Your magical nature lets you fly swiftly and evasively.


Message History

Pikel is nearby!
The zap hits Pikel.
Pikel is lightly wounded.
Pikel shouts!
You hear a shout!
Pikel zaps a wand.
Your mind is blasted!
Ouch! That really hurt!
* * * LOW HITPOINT WARNING * * *
Pikel zaps a wand.
Your mind is blasted!
* * * LOW HITPOINT WARNING * * *
Unknown command.
Okay, then.
As you read the scroll labelled BEB VURGHUJ, it crumbles to dust.
It is a scroll of amnesia.
Really abort (and waste the scroll)? [Y]es or [N]o only, please.
Really abort (and waste the scroll)? [Y]es or [N]o only, please.
Really abort (and waste the scroll)? [Y]es or [N]o only, please.
Really abort (and waste the scroll)?
Okay, then.
Okay, then.
Okay, then.
It was a potion of might.
You feel very mighty all of a sudden.
Unknown command.
It was a potion of curing.
You feel better.
Pikel drinks a potion.
Pikel goes berserk!
You hear a shout!
Okay, then.
Pikel misses you. Pikel barely misses you.
Pikel rages.
Pikel barely misses you.
You see here a +2 vorpal mace.
There is a stone staircase leading up, spattered with blood here.
Pikel hits you with a +2 whip of freezing!
* * * LOW HITPOINT WARNING * * *
Pikel freezes you.
You die...

###### ##....# #P....# #.....#
########## #...P.### .........#
###.......# ##### ..(......#
#>...####.# #....
.........#####.#######.#### #....
...............K@.........###..8.
........##.....).......##........
.####.####..........##....##.....
...##.###...............####.....
....#.##.....>......###.# ######
....#....#.)........# #.#
_......###..........# #.#
....#...............# #.#
....#..###..........# #.#


You could see Pikel (berserk).

Vanquished Creatures
  A lemure (D:4)
  A scorpion (D:3)
  A water moccasin skeleton (D:4)
  A scorpion zombie (D:4)
  3 hound zombies (D:4)
  2 adders (D:4)
  An adder zombie (D:4)
  A dart slug (D:1)
  10 orcs
  7 endoplasms
  A goblin (D:1)
  4 hobgoblins
  4 jackals (D:1)
  3 quokkas
  A ball python (D:3)
  3 bats
  A jackal skeleton (D:4)
  A jackal zombie (D:4)
  3 kobolds
  2 rats (D:1)
51 creatures vanquished.

Vanquished Creatures (others)
  5 withered plants
5 creatures vanquished.

Grand Total: 56 creatures vanquished

Notes
Turn   | Place    | Note
-------+----------+-------------------------------------------
     0 | D:1      | quinnr the Tengu Air Elementalist began the quest for the
                  | Orb.
     0 | D:1      | Reached XP level 1. HP: 10/10 MP: 4/4
   354 | D:1      | Reached XP level 2. HP: 15/15 MP: 4/6
   595 | D:1      | Reached skill level 5 in Air Magic
   769 | D:1      | Found a faded altar of an unknown god.
  1276 | D:2      | You fall into a shaft and drop 1 floor!
  1392 | D:3      | Reached XP level 3. HP: 19/19 MP: 4/7
  1421 | D:3      | Noticed a scorpion
  1429 | D:3      | Killed a scorpion
  1430 | D:3      | Reached skill level 6 in Air Magic
  1430 | D:3      | Reached XP level 4. HP: 14/24 MP: 3/8
  1744 | D:3      | Learned a level 4 spell: Airstrike
  2305 | D:4      | Reached skill level 7 in Air Magic
  2421 | D:4      | Gained mutation: Your magical nature lets you fly swiftly
                  | and evasively. [Tengu growth]
  2421 | D:4      | Reached XP level 5. HP: 28/28 MP: 2/9
  2502 | D:4      | Noticed a lemure
  2503 | D:4      | Noticed a lemure
  2503 | D:4      | Noticed a lemure
  2515 | D:4      | Killed a lemure
  2664 | D:3      | quinnr: ??pikel
  2664 | D:3      | beem: pikel[1/2]: A (big) kobold slaver, on his way to the
                  | Orcish Mines to sell his wares. Comes with a band of 4
                  | lemures, which will vanish when you kill or enslave Pikel.
                  | Has a whip of 40% flaming, 40% freezing, or 20%
                  | electrocution.
  2664 | D:3      | quinnr: @?pikel
  2664 | D:3      | beem: Pikel (K)
                  | Spd:
    10 | HD: 6    | HP: 31-48
                  | AC/EV: 6/12
                  | | Dam: 9
                  | items, doors
                  | Res: magic(20)
                  | Corpse
                  | XP: 640
                  | | Sz: Medium
                  | Int: human.
  2664 | D:3      | quinnr: @?lemure
  2664 | D:3      | beem: lemure (5)
                  | Spd:
    10 | HD: 5    | HP: 22-33
                  | AC/EV:
                  | 4/12
                  | Dam: 10
                  | demonic, doors, evil
                  | Res: magic(20),
                  | miasma, neg+++, torm
                  | Vul: holy
                  | XP:
   105 | Sz: Medium | | Int: human.
  3146 | D:4      | Found a stormy altar of Qazlal.
  3186 | D:4      | Reached skill level 8 in Air Magic
  3186 | D:4      | Reached XP level 6. HP: 32/32 MP: 3/11
  3269 | D:4      | Noticed Pikel
  3291 | D:4      | HP: 2/32 [Pikel (14)]
  3291 | D:4      | Slain by Pikel

Illustrated notes

Levels and vault maps discovered:
D:1:      dpeg_arrival_arbitrary_a, layout_loops_cross,
          ebering_ecumenical_altar_petrified, fountainhead, grunt_decor_junction
D:2:      layout_basic
D:3:      layout_basic
D:4:      layout_rooms, old_standard_altar, mainiacjoe_overflow_six_doors_small,
          serial_undead, serial_undead_d, serial_undead_a, serial_undead_a,
          serial_undead_b, uniq_pikel

Skill      XL: |  1  2  3  4  5 |
---------------+----------------+-----
Air Magic      | 5 6 7 8 |  8.1
Spellcasting   | 3 |  3.0
Dodging        | |  2.1
Stealth        | |  2.0
Conjurations   | |  1.3

Action                   |  1- 3 |  4- 6 || total
-------------------------+-------+-------++-------
Melee: Unarmed           |     3 |       ||     3
       Peck              |     1 |       ||     1
       Short sword       |       |    12 ||    12
       Kick              |       |     2 ||     2
 Cast: Shock             |    43 |    90 ||   133
       Airstrike         |       |     2 ||     2
  Use: Potion            |       |     2 ||     2
       Scroll            |       |     1 ||     1
Armor: Robe              |     4 |     4 ||     8
Dodge: Dodged            |    20 |    43 ||    63

Table legend: (Time is in decaauts)
 A = Elapsed time spent in this place.
 B = Non-inter-level travel time spent in this place.
 C = Inter-level travel time spent in this place.
 D = Time resting spent in this place.
 E = Time spent auto-exploring this place.
 F = Levels seen in this place.
 G = Mean time per level.
                   A        B        C        D        E       F      G
               +--------+--------+--------+--------+--------+-----+--------+
         Total |   3281 |   3136 |    145 |    538 |   2258 |   4 |  820.2 |
       Dungeon |   3281 |   3136 |    145 |    538 |   2258 |   4 |  820.2 |
               +--------+--------+--------+--------+--------+-----+--------+

Top non-repeatable levels by time:
     D:3: 1601 daAuts
     D:1: 1197 daAuts
     D:4: 403 daAuts
     D:2: 78 daAuts
